 Dungeon Crawl Stone Soup version 0.23.1 (webtiles) character file.

Game seed: 18261514410585784960

156 Borgoz the Sneak (level 5, -1/38 HPs)
             Began as a Ghoul Enchanter on Mar 14, 2019.
             Slain by Crazy Yiuf
             ... wielding a +2 quarterstaff of chaos
              (4 damage)
             ... while paralysed by Crazy Yiuf
             ... on level 3 of the Dungeon.
             The game lasted 00:07:24 (3176 turns).

Borgoz the Sneak (Ghoul Enchanter)                  Turns: 3176, Time: 00:07:25

Health: -1/38      AC:  7    Str: 12    XL:     5   Next: 38%
Magic:  1/6        EV:  2    Int: 10    God:
Gold:   127        SH:  0    Dex: 10    Spells: 4/7 levels left

rFire    + + .     SeeInvis .   a - +2 dagger
rCold    + + .     Gourm    .   (no shield)
rNeg     + + +     Faith    .   c - +2 ring mail {rF+}
rPois    ∞         Spirit   .   (no helmet)
rElec    +         Reflect  .   (no cloak)
rCorr    +         Harm     .   (no gloves)
MR       .....                  (no boots)
Stlth    +.........             (no amulet)
HPRegen  0.00/turn              (no ring)
MPRegen  0.10/turn              (no ring)

@: paralysed, resistant, flying, very slightly contaminated, rotting, slowed
A: rotting body, claws 1, carnivore, cold resistance 1, negative energy
resistance 3, inhibited regeneration, torment resistance, unbreathing
a: no special abilities


You were on level 3 of the Dungeon.
You were not hungry.

You visited 1 branch of the dungeon, and saw 5 of its levels.

You collected 127 gold pieces.

Inventory:

Hand Weapons
 a - a +2 dagger (weapon)
 b - a +1 whip of holy wrath
Armour
 c - a +2 ring mail of fire resistance (worn)
Scrolls
 e - a scroll of fear {unknown}
 j - a scroll of remove curse
 k - a scroll of enchant armour
 n - a scroll of teleportation
Potions
 g - 2 potions of heal wounds
 h - a potion of ambrosia
 l - a potion of flight
Comestibles
 d - 5 rations


   Skills:
 * Level 2.7 Short Blades
 * Level 2.4 Armour
 + Level 2.5 Dodging
 - Level 3.2 Stealth
 - Level 1.7 Spellcasting
 - Level 2.4 Hexes
 + Level 1.4 Ice Magic


You had 4 spell levels left.
You knew the following spells:

 Your Spells              Type           Power        Failure   Level  Hunger
a - Corona                Hex            #......      26%         1    ##.....
b - Ensorcelled Hibernat  Hex/Ice        #.....       43%         2    ###....

Your spell library contained the following spells:

 Spells                   Type           Power        Failure   Level  Hunger
 Confuse                  Hex            #.......     61%         3    ####...
 Tukima's Dance           Hex            #.......     61%         3    ####...
 Dazzling Spray           Conj/Hex       #.....       78%         3    ####...


Dungeon Overview and Level Annotations

Branches:
Dungeon (5/15)
 Temple: D:4-7

Altars:

Annotations:
D:3 Crazy Yiuf


Innate Abilities, Weirdness & Mutations

Your body is rotting away.
You thrive on raw meat.
You are immune to poison.
You have sharp fingernails.
You are carnivorous and can eat meat at any time.
Your flesh is cold resistant. (rC+)
You are immune to negative energy. (rN+++)
You do not regenerate when monsters are visible.
You are immune to unholy pain and torment.
You can survive without breathing.


Message History

Crazy Yiuf screams, "Mama!"
Crazy Yiuf hits you with a +2 quarterstaff of chaos!
You blink.
Okay, then.
You closely miss Crazy Yiuf.
Crazy Yiuf is moderately wounded.
Crazy Yiuf laughs, "Liver tired canine!"
Crazy Yiuf misses you.
You hit Crazy Yiuf but do no damage.
Crazy Yiuf is moderately wounded.
Crazy Yiuf hits you but does no damage.
You suddenly lose the ability to move!
Crazy Yiuf hits you with a +2 quarterstaff of chaos.
Crazy Yiuf hits you with a +2 quarterstaff of chaos.
Crazy Yiuf hits you with a +2 quarterstaff of chaos!
* * * LOW HITPOINT WARNING * * *
Crazy Yiuf burns you.
* * * LOW HITPOINT WARNING * * *
Crazy Yiuf cries, "Walk Xom bag!"
Crazy Yiuf hits you with a +2 quarterstaff of chaos.
You die...

..########## ♣....♣ ###
♣...♣♣ ############
♣♣.♣♣ ...........# ♣.♣♣
### ##### ##########.#
♣♣.♣ #.######.>.. # #.#
♣.♣♣ #..........# # #.#
♣♣.♣ #.######.#.#
###### #.# ##g##
#........#.# .)...#
##.# #.@.# ##########.#
##.#.####..# #...# #.#
#.........# #..)# #.#
#...####[.# ##### #.#
#...# ##.# #.# ##...#
#.# #.# .....#####.#
#># ...........# #.#
.#.#.####..############
#..


You could see Crazy Yiuf.

Vanquished Creatures
  2 gnolls (D:1)
  6 adders
  An ooze (D:3)
  5 worms
  A dart slug (D:1)
  2 leopard geckos (D:1)
  An orc (D:3)
  3 giant cockroaches
  7 goblins
  14 hobgoblins
  5 bats
  3 frilled lizards (D:1)
  4 kobolds
  9 rats
63 creatures vanquished.

Notes
Turn   | Place    | Note
-------+----------+-------------------------------------------
     0 | D:1      | Borgoz the Ghoul Enchanter began the quest for the Orb.
     0 | D:1      | Reached XP level 1. HP: 14/14 MP: 2/2
    51 | D:1      | Reached skill level 1 in Short Blades
    86 | D:1      | Reached XP level 2. HP: 19/20 MP: 0/3
   454 | D:1      | Reached skill level 1 in Armour
   492 | D:1      | Learned a level 2 spell: Ensorcelled Hibernation
   842 | D:1      | Reached XP level 3. HP: 26/26 MP: 4/4
  1495 | D:2      | Reached XP level 4. HP: 25/33 MP: 1/5
  1755 | D:1      | Reached skill level 1 in Ice Magic
  2320 | D:4      | Noticed an ogre
  2337 | D:5      | Entered Level 5 of the Dungeon
  2461 | D:3      | Reached XP level 5. HP: 33/38 MP: 1/6
  2638 | D:3      | Found a runed translucent door.
  2639 | D:3      | Noticed Crazy Yiuf
  3172 | D:3      | Paralysed by Crazy Yiuf for 5 turns
  3176 | D:3      | Slain by Crazy Yiuf

Skill      XL: |  1  2  3  4 |
---------------+-------------+-----
Short Blades   | 1 2 |  2.7
Dodging        | 2 |  2.5
Armour         | 1 2 |  2.4
Ice Magic      | 1 |  1.4
Stealth        | |  3.2
Spellcasting   | |  1.7
Hexes          | |  2.4

Action                   |  1- 3 |  4- 6 || total
-------------------------+-------+-------++-------
Melee: Dagger            |   153 |   163 ||   316
Throw: Throwing net      |     2 |     1 ||     3
 Cast: Corona            |     5 |       ||     5
       Ensorcelled Hiber |     3 |     8 ||    11
  Use: Scroll            |     1 |     6 ||     7
       Potion            |       |     5 ||     5
 Stab: Sleeping          |     3 |     5 ||     8
       Held in net/web   |     3 |       ||     3
  Eat: Chunk             |     7 |    14 ||    21
Armor: Ring mail         |    62 |    53 ||   115
Dodge: Dodged            |    69 |    97 ||   166
